 Dungeon Crawl Stone Soup version 0.21-a0-113-g6841d05 (webtiles) character file.

292145 Charly the Warrior (level 20, -4/367 HPs)
             Began as an Ogre Skald on July 12, 2017.
             Was an Elder of Cheibriados.
             Slain by a titan (33 damage)
             ... on level 5 of the Vaults.
             The game lasted 03:10:27 (12952 turns).

Charly the Warrior (Ogre Skald)                    Turns: 12952, Time: 03:10:28

Health: -4/367     AC: 30    Str: 35    XL:     20   Next: 79%
Magic:  39/39      EV:  1    Int: 26    God:    Cheibriados [****..]
Gold:   929        SH: 22    Dex: 26    Spells: 14/27 levels left

rFire    . . .     SeeInvis .     - Unarmed
rCold    . . .     Gourm    +   H - +0 large shield
rNeg     + + +     Faith    .   (armour currently unavailable)
rPois    +         Spirit   .   (helmet currently unavailable)
rElec    +         Reflect  .   (cloak currently unavailable)
rCorr    .         Harm     .   (gloves unavailable)
MR       +++..     NoTele   +   (boots unavailable)
Stlth    +++.......             J - amulet "Xufoj" {Gourm rElec rN+ Stlth+}
HPRegen  0.71/turn              G - ring of Xinuss {rPois MR+ Dex+4}
MPRegen  0.26/turn              e - ring of magical power

@: mighty, tree-form, very slow
A: unfitting armour, deterioration 1, robust 1
}: 2/15 runes: decaying, gossamer
a: Bend Time, Temporal Distortion, Slouch, Renounce Religion


You were on level 5 of the Vaults.
You worshipped Cheibriados.
Cheibriados was greatly pleased with you.
You were not hungry.
You were a tree.
You visited 8 branches of the dungeon, and saw 39 of its levels.
You also visited: Ice Cave.

You collected 1432 gold pieces.
You spent 503 gold pieces at shops.

Inventory:

Missiles
 v - 5 large rocks (quivered)
Armour
 s - a +2 troll leather armour (melded)
 y - a +2 cloak (melded)
 C - a +1 hat (melded)
 H - a +0 large shield (worn)
 S - +0 fire dragon scales
Jewellery
 e - a ring of magical power (right branch)
 f - an uncursed ring of protection from fire
 i - an uncursed ring of see invisible
 m - the ring "Nitesy" {*Tele MR+}
   (You found it on level 4 of the Dungeon)

   [ring of teleportation]

   It may teleport you next to monsters.
   It affects your resistance to hostile enchantments.
 w - an uncursed ring of wizardry
 F - an uncursed ring of flight
 G - the ring of Xinuss (left branch) {rPois MR+ Dex+4}
   (You found it on level 2 of the Lair of Beasts)

   [ring of protection from magic]

   It affects your dexterity (+4).
   It protects you from poison.
   It affects your resistance to hostile enchantments.
 J - the amulet "Xufoj" (around neck) {Gourm rElec rN+ Stlth+}
   (You found it on level 6 of the Lair of Beasts)

   [amulet of the gourmand]

   It allows you to eat raw meat even when not hungry.
   It insulates you from electricity.
   It protects you from negative energy.
   It makes you more stealthy.
 R - an uncursed amulet of regeneration
Wands
 q - a wand of acid (0/15)
Scrolls
 n - 3 scrolls of fog
 o - a scroll of fear
 t - 4 scrolls of remove curse
 D - 3 scrolls of magic mapping
Potions
 b - a potion of agility
 d - a potion of cancellation
 g - 4 potions of curing
 h - 3 potions of flight
 j - 6 potions of brilliance
 k - 2 potions of magic
 l - a potion of mutation
 p - a potion of might
 u - 7 potions of ambrosia
 A - a potion of heal wounds
Miscellaneous
 a - a phial of floods
 x - a lamp of fire (inert)
 K - a lightning rod (4/4)
 M - a fan of gales
Comestibles
 c - 13 bread rations
 r - 6 meat rations


   Skills:
 - Level 18.7 Fighting
 - Level 7.7 Throwing
 - Level 11.4 Dodging
 + Level 12.0 Shields
 - Level 17.4 Unarmed Combat
 - Level 4.0 Spellcasting
 - Level 4.0 Charms
 - Level 8.0 Necromancy
 - Level 6.3 Translocations
 + Level 13.9 Invocations


You had 14 spell levels left.
You knew the following spells:

 Your Spells              Type           Power        Failure   Level  Hunger
a - Apportation           Tloc           #####.       1%          1    None
c - Confusing Touch       Hex            #.....       16%         1    None
g - Shroud of Golubria    Chrm/Tloc      ####......   2%          2    None
r - Regeneration          Chrm/Necr      #####.....   4%          3    ##.....
s - Song of Slaying       Chrm           ####....     4%          2    None
C - Control Undead        Necr           #####.....   6%          4    ####...


Dungeon Overview and Level Annotations

Branches:
Dungeon (15/15)            Temple (1/1) D:6            Lair (6/6) D:8
  Swamp (4/4) Lair:4       Spider (4/4) Lair:2        Slime (0/5) Lair:6
 Vaults (5/5) D:13          Crypt (3/3) Vaults:3       Tomb (1/3) Crypt:3
 Depths (0/5) D:15
    Orc: D:9-12

Altars:
Ashenzari
Cheibriados
Fedhas
Gozag
Kikubaaqudgha
Nemelex Xobeh
Okawaru
Qazlal
Vehumet
Xom
Yredelemnul
Zin

Shops:
D:4 ?   D:6 !   D:15 !   Vaults:5 (

Annotations:
Lair:3 exclusion: oklob plant


Innate Abilities, Weirdness & Mutations

You are too large for most types of armour.
((You have tough skin. (AC +1)))
((Your flesh is cold resistant. (rC+)))
Your body sometimes deteriorates upon taking damage.
You are robust. (+10% HP)


Message History

* * * LOW HITPOINT WARNING * * *
You block the titan's attack.
Unknown command.
You feel very mighty all of a sudden. The quicksilver dragon bites you!
* * * LOW HITPOINT WARNING * * *
The quicksilver dragon claws you!
* * * LOW HITPOINT WARNING * * *
The titan hits you but does no damage.
You block the quicksilver dragon's attack.
The quicksilver dragon claws you.
* * * LOW HITPOINT WARNING * * *
Unknown command.
Unknown command.
You smack the quicksilver dragon!
The quicksilver dragon is lightly wounded.
The titan hits you!!
* * * LOW HITPOINT WARNING * * *
The titan hits you!!
You die...

.# .
...#...#
.. ... ..#
... .....#
.... ....#
.#... §#§#
#.....#§.#
......C♣§#
......C#D#
.....p#){#
.....#§OO#
....#...p#
#..#..!..#
..#p......
y.p......#
.cO......


You could see 2 titans, a quicksilver dragon, a vault warden, a vault guard, a
hornet and an ogre.

Vanquished Creatures
  Khufu (Crypt:3)
  Mennas (Crypt:3)
  A profane servitor (Crypt:3)
  A bone dragon (Crypt:3)
  Rupert (Lair:5)
  2 tentacled monstrosities (Vaults:5)
  A lich (Crypt:3)
  An ancient champion (Crypt:3)
  A sphinx (Vaults:3)
  2 fire giants
  A tengu reaver (Vaults:5)
  A revenant (Crypt:3)
  4 ghost moths (Spider:4)
  2 emperor scorpions (Spider:4)
  4 vault wardens
  6 ironheart preservers
  A ghoul (Crypt:3)
  A vampire knight (Crypt:3)
  A war gargoyle (Vaults:3)
  5 entropy weavers
  A spark wasp (Spider:4)
  5 ettins
  An eidolon (Crypt:3)
  A deep elf death mage (Crypt:3)
  2 mummy priests (Crypt:3)
  3 fire dragons (Swamp:4)
  A deep elf high priest (Vaults:5)
  9 yaktaur captains
  12 jiangshi (Crypt:3)
  2 great orbs of eyes
  Fannar (D:12)
  12 hydras
  An ice dragon (Vaults:3)
  3 rakshasas
  12 vault guards
  6 ogre magi
  Erica (Lair:2)
  A merfolk avatar (Lair:6)
  5 death knights
  7 centaur warriors
  A queen ant (Spider:4)
  14 two-headed ogres
  A deep troll earth mage (Vaults:3)
  3 alligators
  A deep troll shaman (Vaults:3)
  A tengu warrior (D:15)
  The ghost of Charly the Fighter, a novice OgTm (D:7)
  A hell knight (Crypt:3)
  2 deep elf knights (Vaults:3)
  Sonja (Lair:2)
  3 fire crabs
  A sea snake (shapeshifter) (D:13)
  3 shadow wraiths
  4 unseen horrors
  2 sea snakes (Lair:6)
  12 skeletal warriors (Crypt:3)
  6 deep trolls
  A spectral anaconda (Crypt:3)
  3 swamp dragons (Swamp:4)
  6 wizards
  3 shambling mangroves
  A glowing orange brain (Vaults:3)
  3 large abominations (Crypt:3)
  5 deep elf archers
  3 flayed ghosts
  Pikel (D:9)
  2 necromancers
  5 ironbrand convokers
  A harpy (Lair:6)
  5 orc knights
  11 wolf spiders
  4 deep elf magi
  2 manticores
  2 orc sorcerers
  8 orb spiders
  2 cyclopes
  20 ugly things
  A shadow dragon skeleton (Crypt:3)
  4 vault sentinels
  Maurice (D:11)
  2 ice statues (IceCv)
  Psyche (D:8)
  A titan simulacrum (Crypt:3)
  A torpor snail (Spider:4)
  6 rime drakes
  10 spiny frogs
  7 demonic crawlers
  9 komodo dragons
  8 ice devils (IceCv)
  A rime drake (shapeshifter) (Vaults:3)
  28 yaktaurs
  An efreet (D:12)
  5 freezing wraiths
  10 guardian mummies
  3 polar bears (Lair:6)
  A troll (D:10)
  Grinder (D:5)
  20 jumping spiders
  4 tyrant leeches
  20 blink frogs
  15 hornets
  9 hippogriffs
  3 bog bodies
  A hydra skeleton (Crypt:2)
  23 slime creatures
  38 flying skulls (Crypt:3)
  19 tarantellas
  Sigmund (D:5)
  A spriggan (Swamp:2)
  A tarantella (shapeshifter) (Vaults:2)
  48 redbacks
  A spriggan (shapeshifter) (Vaults:2)
  20 yaks
  4 wyverns
  4 shadows
  5 wraiths
  A basilisk (Lair:3)
  4 vampire mosquitoes
  A fire elemental (Swamp:4)
  3 hungry ghosts
  5 steam dragons
  5 insubstantial wisps (Swamp:1)
  5 swamp worms
  A floating eye (shapeshifter) (D:13)
  10 water moccasins
  5 porcupines
  6 soldier ants (Spider:4)
  5 swamp drakes
  9 orc warriors
  3 sky beasts
  A black bear (D:11)
  8 ogres
  4 necrophages (Crypt:3)
  A phantom (D:8)
  10 wolves
  12 centaurs
  A crocodile (shapeshifter) (D:13)
  7 crocodiles
  A rime drake skeleton (Crypt:1)
  Blork the orc (D:6)
  3 big kobolds
  10 bullfrogs
  A small abomination (Crypt:3)
  A gnoll sergeant (D:6)
  A glowing shapeshifter simulacrum (Vaults:3)
  3 scorpions
  A water moccasin skeleton (D:5)
  5 wights (D:7)
  6 killer bees (D:8)
  4 electric eels
  4 howler monkeys
  3 crimson imps
  2 bullfrog zombies
  2 centaur zombies
  2 draconian simulacra (IceCv)
  A human zombie (Crypt:1)
  4 jellies
  2 hounds
  3 orc priests
  11 orc wizards
  2 centaur skeletons
  Jessica (D:3)
  Terence (D:3)
  A human skeleton (Crypt:1)
  4 iguanas
  6 hell rats (Lair:6)
  29 worker ants
  A troll simulacrum (IceCv)
  2 centaur simulacra (IceCv)
  2 hound zombies (D:6)
  2 hound skeletons
  A mummy (Crypt:1)
  A worker ant zombie (D:6)
  10 adders
  3 gnolls (D:6)
  3 naga simulacra (IceCv)
  2 ogre simulacra (IceCv)
  12 white imps (Lair:3)
  2 oozes
  2 adder skeletons
  6 dart slugs
  4 leopard geckos
  51 orcs
  7 bats
  5 giant cockroaches
  3 goblins
  4 hobgoblins
  9 jackals
  3 quokkas
  2 ball pythons
  3 frilled lizards
  A giant cockroach zombie (D:5)
  A jackal skeleton (D:4)
  13 kobolds
  A leopard gecko skeleton (D:4)
  4 rats (D:2)
  A fungus (Lair:5)
990 creatures vanquished.

Vanquished Creatures (collateral kills)
  A shadow (Crypt:3)
1 creature vanquished.

Vanquished Creatures (others)
  A swamp dragon (Swamp:4)
  2 wolf spiders (Spider:4)
  An orc warrior (Vaults:1)
  A slave (D:9)
  4 swamp drakes (Swamp:4)
  A hell rat (Lair:6)
  2 kobolds (D:9)
  4 fungi
  23 plants
39 creatures vanquished.

Grand Total: 1030 creatures vanquished

Notes
Turn   | Place    | Note
-------+----------+-------------------------------------------
     0 | D:1      | Charly the Ogre Skald began the quest for the Orb.
     0 | D:1      | Reached XP level 1. HP: 22/22 MP: 3/3
   125 | D:2      | Reached skill level 3 in Fighting
   142 | D:2      | Reached XP level 2. HP: 30/31 MP: 0/5
   146 | D:2      | Learned a level 2 spell: Shroud of Golubria
   234 | D:2      | Reached XP level 3. HP: 37/37 MP: 6/6
   287 | D:2      | Learned a level 3 spell: Regeneration
   606 | D:3      | Reached XP level 4. HP: 45/45 MP: 7/7
   685 | D:3      | Noticed Terence
   715 | D:3      | Killed Terence
   757 | D:3      | Noticed Jessica
   766 | D:3      | Killed Jessica
   766 | D:3      | Reached skill level 1 in Necromancy
   766 | D:3      | Reached XP level 5. HP: 43/53 MP: 7/9
   847 | D:4      | Found Kiecopn's Magic Scroll Emporium.
   851 | D:4      | Bought a scroll of teleportation for 42 gold pieces
   851 | D:4      | Bought a scroll of fear for 49 gold pieces
   855 | D:4      | Got a twitching brass ring
   856 | D:4      | Identified the ring "Nitesy" {*Tele MR+} (You found it on level 4 of the Dungeon)
   880 | D:5      | Entered Level 5 of the Dungeon
   880 | D:5      | Noticed Sigmund
   893 | D:5      | Killed Sigmund
   893 | D:5      | Reached skill level 4 in Fighting
   893 | D:5      | Reached XP level 6. HP: 62/62 MP: 10/10
   901 | D:4      | Learned a level 2 spell: Song of Slaying
   989 | D:5      | Reached XP level 7. HP: 71/71 MP: 8/11
  1071 | D:5      | Reached skill level 5 in Fighting
  1143 | D:5      | Noticed Grinder
  1150 | D:5      | Killed Grinder
  1150 | D:5      | Reached skill level 6 in Fighting
  1150 | D:5      | Reached skill level 5 in Unarmed Combat
  1186 | D:5      | Reached XP level 8. HP: 83/83 MP: 4/12
  1382 | D:5      | Reached skill level 1 in Shields
  1743 | D:7      | Found a shimmering altar of Xom.
  1787 | D:7      | Noticed Charly's ghost (novice OgTm)
  1817 | D:7      | Killed Charly's ghost
  1817 | D:7      | Reached XP level 9. HP: 47/92 MP: 13/13
  1818 | D:7      | waste tele,ligni
  1938 | D:8      | Reached skill level 7 in Fighting
  1938 | D:8      | Reached skill level 5 in Shields
  1946 | D:8      | Got a pitted war axe
  1948 | D:8      | Identified the +6 war axe of Miurav {freeze, Stlth+} (You found it on level 8 of the Dungeon)
  1960 | D:8      | Noticed a two-headed ogre
  1967 | D:8      | Killed a two-headed ogre
  2023 | D:8      | Found an iron altar of Okawaru.
  2035 | D:8      | Reached skill level 8 in Fighting
  2040 | D:8      | Got a bloodstained mace
  2137 | D:6      | Noticed Blork the orc
  2144 | D:6      | Killed Blork the orc
  2223 | D:6      | Reached XP level 10. HP: 83/105 MP: 14/14
  2264 | D:6      | Found a staircase to the Ecumenical Temple.
  2273 | Temple   | Entered the Ecumenical Temple
  2294 | Temple   | Became a worshipper of Cheibriados the Contemplative
  2333 | D:6      | Found Vehepu's Distillery.
  2346 | D:6      | Bought a potion of might for 52 gold pieces
  2451 | D:8      | Noticed Psyche
  2466 | D:8      | Reached * piety under Cheibriados
  2481 | D:8      | Killed Psyche
  2481 | D:8      | Reached skill level 5 in Dodging
  2484 | D:8      | Reached skill level 9 in Fighting
  2599 | D:8      | Found a staircase to the Lair.
  2607 | Lair:1   | Entered Level 1 of the Lair of Beasts
  2626 | D:9      | Noticed Pikel
  2639 | D:9      | Killed Pikel
  2672 | D:9      | Reached ** piety under Cheibriados
  2699 | D:9      | Reached skill level 10 in Fighting
  2756 | D:10     | Entered Level 10 of the Dungeon
  2756 | D:10     | Noticed a cyclops
  2768 | D:10     | Noticed a two-headed ogre
  2948 | D:10     | Reached skill level 10 in Unarmed Combat
  2955 | D:10     | Reached XP level 11. HP: 78/117 MP: 11/15
  3085 | D:12     | Noticed Fannar
  3086 | D:12     | Noticed a two-headed ogre
  3106 | D:11     | Reached *** piety under Cheibriados
  3222 | D:11     | Noticed Maurice
  3235 | D:11     | Killed Maurice
  3260 | D:12     | Noticed a manticore
  3275 | D:11     | Noticed a cyan ugly thing
  3287 | D:11     | Killed a cyan ugly thing
  3290 | D:11     | Gained mutation: You have sharp fingernails. [mutagenic meat]
  3291 | D:11     | Gained mutation: You are frail. (-10% HP) [mutagenic meat]
  3292 | D:11     | Gained mutation: You have supernaturally acute eyesight. (SInv) [mutagenic meat]
  3293 | D:11     | Gained mutation: You are agile. (Dex +2) [mutagenic meat]
  3358 | D:11     | Noticed a brown ugly thing
  3381 | D:11     | Killed a green ugly thing
  3389 | D:11     | Noticed a two-headed ogre
  3399 | D:11     | Killed a two-headed ogre
  3434 | D:11     | Reached **** piety under Cheibriados
  3565 | Lair:1   | Reached skill level 11 in Fighting
  3569 | Lair:1   | Reached skill level 1 in Invocations
  3646 | Lair:3   | Noticed an oklob plant
  3663 | Lair:3   | Reached XP level 12. HP: 104/117 MP: 13/16
  3783 | Lair:3   | Found a frozen archway.
  3823 | IceCv    | Entered an ice cave
  3889 | IceCv    | Reached skill level 12 in Fighting
  4306 | Lair:2   | Noticed Erica
  4313 | Lair:3   | Reached ***** piety under Cheibriados
  4503 | Lair:4   | Found a staircase to the Swamp.
  4532 | Lair:4   | Identified a scroll of acquirement
  4773 | Lair:2   | Noticed Sonja
  4777 | Lair:2   | Killed Sonja
  4796 | Lair:2   | Killed Erica
  4809 | Lair:2   | Got a clouded steel ring
  4810 | Lair:2   | Identified the ring of Xinuss {rPois MR+ Dex+4} (You found it on level 2 of the Lair of Beasts)
  4816 | Lair:2   | Found a hole to the Spider Nest.
  4940 | Lair:4   | Reached skill level 5 in Invocations
  4969 | Lair:6   | Entered Level 6 of the Lair of Beasts
  5005 | Lair:6   | Found a staircase to the Slime Pits.
  5010 | Lair:6   | Noticed a five-headed hydra
  5037 | Lair:6   | Killed a five-headed hydra
  5046 | Lair:6   | Reached XP level 13. HP: 62/126 MP: 17/17
  5239 | Lair:6   | Reached skill level 13 in Fighting
  5455 | Lair:6   | Learned a level 1 spell: Apportation
  5457 | Lair:6   | Learned a level 1 spell: Confusing Touch
  5461 | Lair:6   | Identified the amulet "Xufoj" {Gourm rElec rN+ Stlth+} (You found it on level 6 of the Lair of Beasts)
  5514 | Lair:5   | Noticed Rupert
  5529 | Lair:5   | Killed Rupert
  5620 | Spider:1 | Entered Level 1 of the Spider Nest
  5770 | Spider:3 | Reached XP level 14. HP: 130/137 MP: 16/18
  5916 | Spider:4 | Entered Level 4 of the Spider Nest
  5939 | Spider:3 | Reached skill level 14 in Fighting
  5953 | Spider:2 | Reached ****** piety under Cheibriados
  6043 | Spider:2 | Noticed an entropy weaver
  6058 | Spider:2 | Killed an entropy weaver
  6477 | D:13     | Gained mutation: You are occasionally teleported next to monsters. [mutagenic meat]
  6478 | D:13     | Lost mutation: You are agile. (Dex +2) [mutagenic meat]
  6479 | D:13     | Lost mutation: You are frail. (-10% HP) [mutagenic meat]
  6480 | D:13     | Gained mutation: You have large cloven feet. [mutagenic meat]
  6481 | D:13     | Gained mutation: You have hoof-like feet. [mutagenic meat]
  6500 | D:13     | Gained mutation: You are resistant to hostile enchantments. (MR+) [mutagenic meat]
  6557 | D:15     | Entered Level 15 of the Dungeon
  6710 | D:15     | Found Zugygor's Distillery.
  6716 | D:15     | Bought a potion of lignification for 36 gold pieces
  6716 | D:15     | Bought a potion of curing for 36 gold pieces
  6716 | D:15     | Bought a potion of lignification for 36 gold pieces
  6716 | D:15     | Bought a potion of lignification for 36 gold pieces
  6716 | D:15     | Bought a potion of brilliance for 48 gold pieces
  6716 | D:15     | Bought a potion of agility for 48 gold pieces
  6716 | D:15     | Bought a potion of agility for 48 gold pieces
  6716 | D:15     | Bought a potion of lignification for 36 gold pieces
  6716 | D:15     | Bought a potion of lignification for 36 gold pieces
  6807 | D:15     | Found a staircase to the Depths.
  6952 | D:13     | Reached skill level 15 in Fighting
  6960 | D:13     | Found a gate to the Vaults.
  6962 | D:13     | Reached XP level 15. HP: 160/167 MP: 20/20
  6975 | D:13     | Reached skill level 10 in Dodging
  7095 | D:12     | Killed Fannar
  7355 | Spider:4 | Reached skill level 15 in Unarmed Combat
  7424 | Spider:4 | Noticed a ghost moth
  7607 | Spider:4 | Reached skill level 16 in Fighting
  7864 | Spider:4 | Killed a ghost moth
  7869 | Spider:4 | Gained mutation: You have hooves in place of feet. [mutagenic meat]
  7870 | Spider:4 | Lost mutation: You have supernaturally acute eyesight. (SInv) [mutagenic meat]
  7871 | Spider:4 | Gained mutation: Your magical capacity is low. (-10% MP) [mutagenic meat]
  7880 | Spider:4 | Noticed an emperor scorpion
  7881 | Spider:4 | Noticed an emperor scorpion
  7915 | Spider:4 | Noticed a ghost moth
  7915 | Spider:4 | Killed an emperor scorpion
  7921 | Spider:4 | Killed an emperor scorpion
  7923 | Spider:4 | Killed a ghost moth
  7923 | Spider:4 | Reached skill level 17 in Fighting
  7927 | Spider:4 | Noticed a ghost moth
  7945 | Spider:4 | Killed a ghost moth
  7948 | Spider:4 | Gained mutation: You are weak. (Str -2) [mutagenic meat]
  7980 | Spider:4 | Noticed a ghost moth
  7984 | Spider:4 | Killed a ghost moth
  7984 | Spider:4 | Reached XP level 16. HP: 144/183 MP: 0/19
  8014 | Spider:4 | Got a gossamer rune of Zot
  8304 | Swamp:1  | Entered Level 1 of the Swamp
  8325 | Swamp:1  | Reached skill level 5 in Translocations
  8438 | Swamp:4  | Entered Level 4 of the Swamp
  8723 | Swamp:4  | Got a decaying rune of Zot
  8864 | Lair:5   | Lost mutation: You have sharp fingernails. [potion of mutation]
  8864 | Lair:5   | Lost mutation: Your magical capacity is low. (-10% MP) [potion of mutation]
  8864 | Lair:5   | Lost mutation: You are weak. (Str -2) [potion of mutation]
  8864 | Lair:5   | Lost mutation: You are resistant to hostile enchantments. (MR+) [potion of mutation]
  8864 | Lair:5   | Lost mutation: You have hooves in place of feet. [potion of mutation]
  8864 | Lair:5   | Lost mutation: You have hoof-like feet. [potion of mutation]
  8864 | Lair:5   | Gained mutation: You are weak. (Str -2) [potion of mutation]
  8864 | Lair:5   | Gained mutation: Your spells are a little harder to cast, but a little more powerful. [potion of mutation]
  8865 | Lair:5   | Lost mutation: Your spells are a little harder to cast, but a little more powerful. [potion of mutation]
  8865 | Lair:5   | Lost mutation: You are occasionally teleported next to monsters. [potion of mutation]
  8865 | Lair:5   | Lost mutation: You are weak. (Str -2) [potion of mutation]
  8865 | Lair:5   | Lost mutation: You have large cloven feet. [potion of mutation]
  8865 | Lair:5   | Gained mutation: Your body sometimes deteriorates upon taking damage. [potion of mutation]
  8865 | Lair:5   | Gained mutation: You are robust. (+10% HP) [potion of mutation]
  8865 | Lair:5   | Gained mutation: Your flesh is cold resistant. (rC+) [potion of mutation]
  9076 | Vaults:1 | Entered Level 1 of the Vaults
  9143 | Vaults:1 | Reached skill level 1 in Throwing
  9255 | Vaults:1 | Reached skill level 18 in Fighting
  9445 | Vaults:2 | Found a sparkling altar of Nemelex Xobeh.
  9476 | Vaults:2 | Reached XP level 17. HP: 203/212 MP: 23/23
  9822 | Vaults:3 | Reached skill level 5 in Throwing
 10871 | Vaults:2 | Reached skill level 10 in Invocations
 10903 | Vaults:2 | Reached XP level 18. HP: 161/225 MP: 25/25
 11307 | Vaults:3 | Found a staircase to the Crypt.
 11307 | Vaults:3 | Found an ancient bone altar of Kikubaaqudgha.
 11309 | Vaults:3 | Found a basalt altar of Yredelemnul.
 11315 | Crypt:1  | Entered Level 1 of the Crypt
 11391 | Crypt:1  | Learned a level 4 spell: Control Undead
 11452 | Crypt:3  | Entered Level 3 of the Crypt
 11594 | Crypt:3  | Found a basalt altar of Yredelemnul.
 11609 | Crypt:3  | Reached skill level 5 in Necromancy
 11925 | Crypt:3  | Noticed Mennas
 11944 | Crypt:3  | Killed Mennas
 11994 | Crypt:3  | Noticed a bone dragon
 12010 | Crypt:3  | Killed a bone dragon
 12089 | Crypt:3  | Reached XP level 19. HP: 229/235 MP: 13/28
 12100 | Crypt:3  | Noticed a profane servitor
 12130 | Crypt:3  | Killed a profane servitor
 12182 | Crypt:3  | Noticed a lich
 12197 | Crypt:3  | Killed a lich
 12298 | Crypt:3  | Reached skill level 10 in Shields
 12318 | Crypt:3  | Identified Ale Cuav's Papyrus of Evil Secrets
 12350 | Crypt:3  | Found a staircase to the Tomb.
 12350 | Crypt:3  | Noticed Khufu
 12367 | Crypt:3  | Killed Khufu
 12397 | Tomb:1   | Entered Level 1 of the Tomb of the Ancients
 12771 | Vaults:5 | Entered Level 5 of the Vaults
 12781 | Vaults:5 | Noticed a tentacled monstrosity
 12788 | Vaults:5 | Noticed a tentacled monstrosity
 12789 | Vaults:5 | Killed a tentacled monstrosity
 12797 | Vaults:5 | Killed a tentacled monstrosity
 12841 | Vaults:4 | Reached XP level 20. HP: 167/245 MP: 13/30
 12919 | Vaults:5 | Found Utyhioz's Antique Weapon Boutique.
 12952 | Vaults:5 | Slain by a titan

Vault maps used:
D:1:      saegor_arrival_simple_a, item_on_display_a
D:2:      minmay_diamond_boxcup, minitemple, uniq_crazy_yiuf_cottage
D:3:      uniq_jessica, uniq_terence
D:4:      serial_shops, kennysheep_mini, grunt_ministairs_11,
          kennysheep_another_room
D:5:      first_bread, kb_lookout_dungeons_type, uniq_grinder, uniq_sigmund
D:6:      minmay_temple_entry_grid, serial_shops, shop_fountains,
          uniq_blork_the_orc
D:7:      xom_butterflies
D:8:      lair_entry_dummy, hangedman_ranch, okawaru_ov_weapons_minmay,
          uniq_psyche
D:9:      hiddenorc1_lemuel, uniq_pikel
D:10:     serial_glass, glass_columns_b, glass_columns_c, glass_columns_a,
          glass_columns_b, glass_columns_b, glass_columns_a,
          minmay_strange_pillars, minmay_strange_pillars, item_on_display_a,
          serial_bayou_lagoon_a, grunt_qazlal_clouds
D:11:     uniq_maurice
D:12:     uniq_fannar
D:13:     david_vaults_2
D:14:     lemuel_statue_altar, serial_shops, kennysheep_little_box
D:15:     hangedman_depths_entry_civil_slaughter, corexii_corridor_pit,
          serial_shops, nicolae_shop_crystal, library_closet
Temple:   eino_temple_rhombus
Lair:1:   basic_altar, serial_bayou_shore_a
Lair:2:   spider_nest_entry_a, st_stairs_4, grunt_megastairs_3, uniq_sonja,
          uniq_erica
Lair:3:   portal_ice_cave_entry_imps, minivault_27, st_stairs_4,
          minmay_lair_oklob_chamber, uniq_gastronok
Lair:4:   swamp_mist_pool, lemuel_fruit_tree, serial_bayou_shore_b,
          infiniplex_staircase_pool_2
Lair:5:   uniq_kirke, uniq_rupert
Lair:6:   gammafunk_lair_ancient_temple, minmay_slime_entry_pillars
Swamp:1:  serial_swamp_ruin, hangedman_swamp_ruin_wall,
          evilmike_swamp_ruin_rubble_1, grunt_ruined_hall
Swamp:2:  hangedman_swamp_cone
Swamp:3:  nicolae_swamp_rocky_clearing
Swamp:4:  swamp_fiery
Spider:2: nicolae_spider_circle_web, nicolae_spider_stair_cavern
Spider:4: grunt_spider_rune_parallel, minmay_another_anthill
Vaults:1: st_more_cells, nicolae_vaults_specimen_jars, v_pattern_4,
          nicolae_vaults_little_squares_6, vaults_room_stairs_pillars,
          nicolae_vaults_ninety_degrees, v_rooms_3,
          nicolae_vaults_hallways_thing, v_misc_28, vaults_standard_mumra_lines,
          vaults_room_fancy_cross, vaults_mumra_lcd, v_alt_pattern_6,
          hangedman_vaults_corner_blocks
Vaults:2: ontoclasm_vaults_misaligned, nicolae_vaults_little_squares_3,
          vaults_room_large_hall, ontoclasm_vaults_shuriken,
          hangedman_vaults_restitches, nicolae_vaults_diagonal_hallway_9,
          ontoclasm_vaults_eye, v_misc_24, nicolae_vaults_little_ls,
          vaults_mumra_minichess, vaults_room_grunt_arrival_ludios, basic_altar
Vaults:3: v_rooms_1, hangedman_vaults_corner, minmay_crypt_entry_necro_gods,
          st_lines, v_alt_pattern_2
Vaults:4: grunt_vaults_swirl, nicolae_vaults_angled_halls, v_misc_30,
          ontoclasm_vaults_bender, nicolae_vaults_little_squares_4,
          vaults_room_semicircle, ontoclasm_vaults_gateway,
          nicolae_vaults_little_squares_1, v_misc_10, vaults_dpeg_encased_lava,
          nicolae_vaults_shelves_hall, vaults_dpeg_ring, uniq_mara
Vaults:5: serial_shops, uniq_boris
Crypt:1:  serial_sigils_hangedman_snap, grunt_crypt_arrival_guarded_gate,
          roderic_lattice_octagonal_star
Crypt:3:  grunt_crypt_end_deaths_head, uniq_mennas
IceCv:    ice_cave_tombish

Skill      XL: |  1  2  3  4  5  6  7  8  9 10 11 12 13 14 15 16 17 18 19 20 |
---------------+-------------------------------------------------------------+-----
Unarmed Combat | 2 3 4 5 7 10 11 12 13 14 15 16 17 | 17.4
Fighting       | 3 4 6 8 10 11 12 13 15 17 18 | 18.7
Charms         | 3 4 |  4.0
Necromancy     | 1 6 8 |  8.0
Spellcasting   | 3 4 |  4.0
Dodging        | 3 4 5 6 7 9 10 11 | 11.4
Shields        | 4 5 6 7 8 9 11 12 | 12.0
Invocations    | 3 5 6 7 10 12 13 | 13.9
Translocations | 3 4 6 |  6.3
Throwing       | 3 7 |  7.7

Action                   |  1- 3 |  4- 6 |  7- 9 | 10-12 | 13-15 | 16-18 | 19-21 || total
-------------------------+-------+-------+-------+-------+-------+-------+-------++-------
Melee: Unarmed           |   164 |    91 |   227 |   751 |   810 |  1317 |   272 ||  3632
       Punch             |     3 |       |     3 |       |       |       |       ||     6
       War axe           |       |       |    41 |    31 |       |       |       ||    72
       Kick              |       |       |       |       |   216 |   116 |       ||   332
 Fire: Blowgun           |       |       |       |       |    28 |       |       ||    28
Throw: Large rock        |       |       |       |    18 |    21 |    52 |       ||    91
 Cast: Infusion          |     5 |     2 |       |       |       |       |       ||     7
       Shroud of Golubri |     2 |     1 |     2 |    21 |     9 |    12 |     4 ||    51
       Regeneration      |     2 |     2 |    27 |    33 |    40 |    76 |    15 ||   195
       Song of Slaying   |       |       |     1 |    10 |     2 |     3 |       ||    16
       Apportation       |       |       |       |       |    57 |    72 |     6 ||   135
       Confusing Touch   |       |       |       |       |     2 |       |       ||     2
       Control Undead    |       |       |       |       |       |     2 |     3 ||     5
Invok: Slouch            |       |       |       |     3 |     7 |     3 |     8 ||    21
       Temporal Distorti |       |       |       |       |    10 |     9 |     4 ||    23
       Step From Time    |       |       |       |       |       |     4 |     1 ||     5
 Abil: Evoke Berserk Rag |     2 |     3 |    10 |       |       |       |       ||    15
Evoke: Wand              |       |     5 |     8 |    23 |     8 |     1 |       ||    45
       Lightning rod     |       |       |       |       |     1 |     7 |       ||     8
       Lamp of fire      |       |       |       |       |     1 |       |     2 ||     3
  Use: Scroll            |       |     2 |     8 |    17 |     5 |     7 |    12 ||    51
       Potion            |       |       |     1 |     5 |     3 |     7 |    10 ||    26
 Stab: Sleeping          |       |       |     2 |     2 |     3 |    10 |     1 ||    18
       Invisible         |       |       |       |    13 |       |       |       ||    13
       Distracted        |       |       |       |     1 |     4 |     2 |       ||     7
       Confused          |       |       |       |       |     1 |     2 |       ||     3
  Eat: Fruit             |     3 |       |       |       |       |     6 |     4 ||    13
       Chunk             |       |     1 |     6 |    11 |    32 |    12 |       ||    62
       Royal jelly       |       |     1 |     1 |     1 |       |       |       ||     3
       Bread ration      |       |     1 |       |       |       |       |       ||     1
       Meat ration       |       |       |     1 |     1 |       |     1 |     2 ||     5
Armor: Robe              |    80 |    17 |    51 |    35 |       |       |       ||   183
       Skin              |       |       |     5 |    14 |       |    20 |    40 ||    79
       Troll leather arm |       |       |       |    75 |   105 |   156 |    23 ||   359
Dodge: Dodged            |   122 |    45 |    91 |   281 |   436 |   673 |   116 ||  1764
Block: Shield            |       |       |    68 |   376 |   529 |   765 |       ||  1738
       Large shield      |       |       |       |       |       |    36 |   314 ||   350
